 Dungeon Crawl Stone Soup version 0.29.0-7-g18a832c13a (webtiles) character file.

Game seed: 13203232233784785841

4572 Hubris850 the Grappler (level 10, 0/147 HPs)
             Began as a Troll Berserker on Aug 31, 2022.
             Was an Elder of Trog.
             Slain by a tengu warrior
             ... wielding a +0 great sword
              (3 damage)
             ... on level 8 of the Dungeon.
             The game lasted 00:16:56 (5246 turns).

Hubris850 the Grappler (Troll Berserker)            Turns: 5246, Time: 00:16:57

Health: 0/147      AC:  4    Str: 33    XL:     10   Next: 18%
Magic:  9/9        EV: 11    Int:  3    God:    Trog [****..]
Gold:   420        SH:  0    Dex: 13    Spells: 9/9 levels left

rFire   . . .      SeeInvis .     - Unarmed
rCold   . . .      Faith    .   (no shield)
rNeg    . . .      Spirit   .   a - +0 animal skin
rPois   +          Reflect  .   (helmet restricted)
rElec   .          Harm     .   (no cloak)
rCorr   .          Rampage  .   (gloves unavailable)
Will    .....                   (boots unavailable)
Stlth   ..........              i - amulet of regeneration
HPRegen 1.94/turn               q - ring of poison resistance
MPRegen 0.11/turn               t - +6 ring of strength

@: berserking, very quick
A: large, unfitting armour, claws 3, regeneration 1, shaggy fur 1, tough skin 1
a: Renounce Religion, Berserk, Trog's Hand, Brothers in Arms


You were on level 8 of the Dungeon.
You worshipped Trog.
Trog was greatly pleased with you.
You visited 1 branch of the dungeon, and saw 8 of its levels.
You also visited: Ossuary.

You collected 420 gold pieces.

Inventory:

Hand Weapons
 s - a +0 giant club
Missiles
 f - a curare-tipped dart
 y - 27 poisoned darts
 G - 19 stones
 J - 6 large rocks (quivered)
 M - 5 boomerangs
Armour
 a - a +0 animal skin (worn)
 F - a +0 tower shield
 I - an orb of mayhem
Jewellery
 i - an amulet of regeneration (around neck)
 l - an amulet of faith
 q - a ring of poison resistance (left claw)
 t - a +6 ring of strength (right claw)
 H - a ring of magical power
Wands
 n - a wand of flame (16)
 r - a wand of roots (5)
Scrolls
 c - 2 scrolls of brand weapon
 e - 4 scrolls of fog
 g - 2 scrolls of poison
 k - 7 scrolls of vulnerability
 p - 4 scrolls of teleportation
 u - 3 scrolls of enchant armour
 v - a scroll of noise {unknown}
 w - a scroll of amnesia {unknown}
 x - a scroll of magic mapping {unknown}
 A - a scroll of acquirement {unknown}
 C - 3 scrolls of fear
 L - a scroll of blinking {unknown}
Potions
 b - 3 potions of resistance
 d - 2 potions of cancellation
 h - 4 potions of heal wounds
 j - 4 potions of mutation
 m - 9 potions of curing
 o - 2 potions of attraction
 z - a potion of might {unknown}
 B - 2 potions of brilliance
 D - a potion of ambrosia {unknown}
 E - a potion of magic {unknown}
 K - a potion of degeneration {unknown}


   Skills:
 - Level 5.7 Fighting
 - Level 6.0 Maces & Flails
 + Level 0.0 Throwing
 - Level 5.3 Dodging
 - Level 10.8 Unarmed Combat


You had 9 spell levels left.
You didn't know any spells.
Your spell library contained the following spells:

 Spells                   Type           Power      Damage    Failure   Level
 Sandblast                Erth           0%         2d4       52%         1
 Shock                    Conj/Air       0%         1d3       52%         1
 Passwall                 Tmut/Erth      0%         N/A       67%         2
 Stone Arrow              Conj/Erth      0%         3d7       88%         3
 Swiftness                Air            0%         N/A       88%         3
 Airstrike                Air            0%         2d(0-16)  99%         4


Dungeon Overview and Level Annotations

Branches:
Dungeon (8/15)             Temple (0/1) D:4         Ossuary (visited)
   Lair: D:8-11

Altars:
Cheibriados
Fedhas
Hepliaklqana
Kikubaaqudgha
Makhleb
Okawaru
Qazlal
Ru
Sif Muna
Trog
Vehumet

Shops:
D:6 :   D:7 *


Innate Abilities, Weirdness & Mutations

You are too large for most types of armour.
You have claws for hands.
Your natural rate of healing is unusually fast.
You are covered in fur. (AC +1)
You have tough skin. (AC +1)


Message History

You throw a large rock.
The large rock misses the tengu warrior.
The bullfrog hits you. The bullfrog closely misses you.
The tengu warrior hits you with a +0 great sword!!
The tengu warrior pecks you. The tengu warrior claws you.
The bullfrog hits you.
A red film seems to cover your vision as you go berserk!
You feel yourself moving faster!
You feel mighty!
The tengu warrior hits you with a +0 great sword!
The tengu warrior closely misses you. The tengu warrior claws you.
The bullfrog hits you.
The tengu warrior hits you with a +0 great sword!
The tengu warrior pecks you.
* * * LOW HITPOINT WARNING * * *
The tengu warrior completely misses you.
You claw the tengu warrior!
The tengu warrior is severely wounded.
The bullfrog closely misses you.
The tengu warrior hits you with a +0 great sword!
* * * LOW HITPOINT WARNING * * *
The tengu warrior pecks you.
* * * LOW HITPOINT WARNING * * *
The tengu warrior barely misses you.
You miss the tengu warrior.
The tengu warrior is severely wounded.
The bullfrog hits you.
* * * LOW HITPOINT WARNING * * *
The tengu warrior hits you with a +0 great sword!
* * * LOW HITPOINT WARNING * * *
The tengu warrior closely misses you. The tengu warrior claws you.
* * * LOW HITPOINT WARNING * * *
You closely miss the tengu warrior.
The tengu warrior is severely wounded.
The bullfrog hits you but does no damage.
You closely miss the tengu warrior.
The tengu warrior is severely wounded.
The tengu warrior misses you. The tengu warrior pecks you.
* * * LOW HITPOINT WARNING * * *
The tengu warrior claws you.
You die...

....## ##...## ...##
##...## )).# ##...### .
.).# ##....######.(
...## ##.......(...
....# ##...........
#....# ###............
###...####.......Q......
##........###@......>
######### ##F......
....### ...## ...# ..##
###


You could see a tengu warrior (fast) and a bullfrog.

Vanquished Creatures
  A hydra (D:7)
  A cyclops (D:7)
  A yak (D:8)
  An acid dragon (D:7)
  4 water moccasins
  An orc warrior (D:7)
  An ice beast (D:6)
  4 sky beasts
  3 ogres
  2 centaurs
  2 phantoms
  2 kobold brigands
  4 bullfrogs
  4 scorpions
  2 necrophages
  5 wights (D:7)
  2 water moccasin zombies (Ossuary)
  3 hounds
  A jelly (D:7)
  5 orc priests
  2 orc wizards
  4 iguanas
  2 mummies (Ossuary)
  10 adders
  A white imp (D:7)
  6 adder zombies (Ossuary)
  2 worms (D:2)
  2 dart slugs
  15 orcs
  4 endoplasms
  2 giant cockroaches
  6 gnoll zombies (Ossuary)
  4 goblins
  7 hobgoblins
  3 jackals (D:1)
  12 kobolds
  A quokka (D:1)
  10 ball pythons
  4 bats
  6 hobgoblin zombies (Ossuary)
  6 kobold zombies (Ossuary)
  7 orc zombies (Ossuary)
  2 quokka zombies (D:6)
  10 rats
177 creatures vanquished.

Vanquished Creatures (others)
  2 fungi (D:4)
2 creatures vanquished.

Grand Total: 179 creatures vanquished

Notes
Turn   | Place    | Note
-------+----------+-------------------------------------------
     0 | D:1      | Hubris850 the Troll Berserker began the quest for the Orb.
     0 | D:1      | Reached XP level 1. HP: 22/22 MP: 0/0
    72 | D:1      | Reached XP level 2. HP: 26/29 MP: 1/1
   195 | D:1      | Reached skill level 4 in Unarmed Combat
   395 | D:1      | Found a faded altar of an unknown god.
   419 | D:1      | Reached XP level 3. HP: 32/36 MP: 2/2
   611 | D:2      | Reached ** piety under Trog
   649 | D:2      | Reached XP level 4. HP: 44/44 MP: 3/3
   669 | D:2      | Reached skill level 5 in Unarmed Combat
  1227 | D:3      | You fall into a shaft and drop 2 floors!
  1227 | D:5      | Entered Level 5 of the Dungeon
  1230 | D:5      | Noticed an ogre
  1239 | D:5      | Killed an ogre
  1240 | D:5      | Reached skill level 6 in Unarmed Combat
  1240 | D:5      | Reached XP level 5. HP: 31/50 MP: 4/4
  1317 | D:5      | Found a burning altar of Makhleb.
  1317 | D:5      | Found a sacrificial altar of Ru.
  1317 | D:5      | Noticed a sky beast
  1325 | D:5      | Killed a sky beast
  1326 | D:5      | Reached XP level 6. HP: 21/59 MP: 5/5
  1389 | D:4      | Reached skill level 7 in Unarmed Combat
  1459 | D:4      | Found a staircase to the Ecumenical Temple.
  1619 | D:4      | Found a snail-covered altar of Cheibriados.
  2034 | D:3      | Found an ancient bone altar of Kikubaaqudgha.
  2464 | D:5      | Reached XP level 7. HP: 66/66 MP: 6/6
  2478 | D:5      | Reached *** piety under Trog
  2502 | D:5      | Found a blossoming altar of Fedhas.
  2515 | D:5      | Identified the +1 leather armour "Quraly" {rC+ MP+9 Str+3}
  2559 | D:5      | Reached skill level 8 in Unarmed Combat
  2873 | D:6      | Reached XP level 8. HP: 73/76 MP: 7/7
  3021 | D:6      | Reached skill level 9 in Unarmed Combat
  3054 | D:6      | Found a stormy altar of Qazlal.
  3087 | D:6      | Found a bloodstained altar of Trog.
  3118 | D:6      | Found a sand-covered staircase.
  3164 | Ossuary  | Entered an ossuary
  3282 | Ossuary  | Reached **** piety under Trog
  3394 | D:6      | Reached skill level 10 in Unarmed Combat
  3877 | D:6      | Found Fyvol's Book Emporium.
  4034 | D:7      | Found Caefu's Assorted Antiques.
  4094 | D:7      | Reached skill level 1 in Maces & Flails
  4094 | D:7      | Reached XP level 9. HP: 62/83 MP: 8/8
  4232 | D:7      | Reached skill level 5 in Maces & Flails
  4270 | D:7      | Found a radiant altar of Vehumet.
  4286 | D:7      | Found an iron altar of Okawaru.
  4441 | D:7      | Noticed a cyclops
  4449 | D:7      | Noticed a six-headed hydra
  4456 | D:7      | Killed a cyclops
  4457 | D:7      | Reached skill level 5 in Fighting
  4459 | D:7      | Killed a six-headed hydra
  4460 | D:7      | Reached skill level 5 in Dodging
  4460 | D:7      | Reached XP level 10. HP: 48/96 MP: 9/9
  4725 | D:8      | Found a shimmering blue altar of Sif Muna.
  4898 | D:8      | Noticed a five-headed hydra
  4902 | D:8      | Noticed a tengu warrior
  4909 | D:8      | HP: 4/98 [five-headed hydra (8)]
  5023 | D:8      | Found a hazy altar of Hepliaklqana.
  5244 | D:8      | HP: 5/147 [tengu warrior/+0 great sword (4)]
  5246 | D:8      | Slain by a tengu warrior

Illustrated notes

Levels and vault maps discovered:
D:1:      saegor_arrival_miasma, layout_rooms,
          hellmonk_ecumenical_altar_leap_of_faith
D:2:      layout_rooms, eino_tiny_chamber
D:3:      layout_loops_corners, kiku_gazebo_pond_becter
D:4:      layout_basic, mainiacjoe_overflow_24_doors,
          minmay_temple_entry_statues_pillars, dreamdust_mushroom_princess,
          minivault_26
D:5:      layout_cave_pools, fedhas_ov_isle_minmay,
          mainiacjoe_overflow_divided_tiny, grunt_decor_clamped, nicolae_titane
D:6:      layout_loops_corners, mainiacjoe_overflow_catch_the_wave,
          enter_ossuary_4, serial_shops, kennysheep_little_box
D:7:      minmay_cornered_nines, layout_cave_pools, nicolae_vehumet_altar_sigil,
          kennysheep_mini, serial_shops, nicolae_shop_trees
D:8:      cheibrodos_fzero, layout_layer_cave, amcnicky_altar_gilded,
          mainiacjoe_overflow_six_doors_small

Skill      XL: |  1  2  3  4  5  6  7  8  9 |
---------------+----------------------------+-----
Unarmed Combat | 4 6 7 8 10 | 10.8
Fighting       | 3 4 5 |  5.7
Dodging        | 3 4 5 |  5.3
Maces & Flails | 1 6 |  6.0

Action                   |  1- 3 |  4- 6 |  7- 9 | 10-12 || total
-------------------------+-------+-------+-------+-------++-------
Melee: Unarmed           |    71 |    86 |   250 |    40 ||   447
       Punch             |     3 |       |     8 |     1 ||    12
       Giant club        |       |       |     2 |     1 ||     3
Throw: Large rock        |       |       |       |     3 ||     3
Invok: Berserk           |     1 |       |     3 |     1 ||     5
       Brothers in Arms  |       |       |     1 |       ||     1
Evoke: Wand              |       |       |     2 |       ||     2
  Use: Scroll            |       |       |       |    13 ||    13
 Stab: Sleeping          |       |     6 |     1 |       ||     7
Armor: Animal skin       |    30 |    14 |    45 |    21 ||   110
Dodge: Dodged            |    37 |    41 |   111 |    29 ||   218
